Map: Tempestad

Players

MrFercho

  • Race: Zerg Zerg
  • League: Silver
  • Spawn Location: 12:00

TATORREA

  • Race: Protoss Protoss
  • League: Silver
  • Spawn Location: 7:00

tigro

  • Race: Terran Terran
  • Spawn Location: 5:00

VOD

Have the link to the VOD?

Description

Time

  • Played on: May 7, 2020, 8:48 p.m.
  • Length: 28:22
Show
View Real Time Build Order
Export as new Build Order

MrFercho Zerg 

Build Orders: Pool First 

Get SALT Encoding   

  12  0:01  Drone  
  13  0:15  Overlord  
  13  0:38  Drone  
  14  0:44  Spawning Pool  
  14  0:45  Extractor, Drone  
  13  1:18  Drone x2  
  13  1:19  Drone  
  16  1:41  Drone x2  
  18  2:09  Hatchery  
  17  2:27  Zergling x6  
  20  2:31  Metabolic Boost  
  20  2:33  Queen  
  21  3:03  Drone  
  21  3:04  Overlord  
  22  3:05  Overlord  
  19  3:54  Roach Warren  
  18  3:56  Drone x2  
  18  3:57  Drone  
  21  4:13  Drone  
  22  4:20  Extractor  
  21  4:27  Hatchery  
  20  4:32  Drone x6  
  20  4:38  Queen, Hatchery  
  26  4:42  Overlord  
  27  4:47  Drone x2  
  29  4:59  Lair  
  29  5:03  Roach  
  29  5:04  Roach  
  33  5:23  Drone x3  
  36  5:34  Extractor  
  36  5:35  Extractor  
  34  5:44  Spine Crawler  
  33  5:51  Drone x3  
  33  5:56  Roach x5  
  46  6:03  Glial Reconstitution  
  46  6:12  Evolution Chamber  
  46  6:16  Zergling x2  
  46  6:17  Zergling x4  
  48  6:29  Baneling Nest  
  48  6:32  Drone x5  
  52  6:39  Drone x3  
  54  6:59  Queen  
  46  7:04  Drone x3  
  34  7:15  Spire  
  34  7:21  Tunneling Claws  
  32  7:22  Drone  
  32  7:23  Drone x2  
  32  7:26  Drone x2  
  35  7:43  Drone x3  
  21  8:37  Drone x4  
  21  8:38  Drone x5  
  30  8:45  Drone x3  
  36  8:48  Drone x3  
  36  8:53  Extractor  
  35  8:58  Extractor  
  35  9:02  Overseer  
  34  9:13  Spore Crawler  
  34  9:16  Spore Crawler  
  32  9:17  Queen  
  34  9:25  Drone x6  
  40  9:37  Drone x3  
  43  9:54  Mutalisk  
  43  9:55  Mutalisk x3  
  51  10:02  Drone x3  
  54  10:34  Hatchery  
  45  11:45  Hydralisk Den  
  44  11:48  Drone  
  44  11:51  Drone x3  
  48  11:54  Drone x3  
  48  11:55  Drone x2  
  48  12:00  Queen  
  55  12:04  Lair  
  55  12:09  Zerg Missile Weapons Level 1  
  55  12:11  Centrifical Hooks  
  55  12:15  Zerg Flyer Weapons Level 1  
  55  12:36  Drone x15  
  70  12:39  Overlord x3  
  70  12:40  Overlord x3  
  70  12:53  Hydralisk Den  
  69  13:09  Drone x2  
  71  13:14  Drone x3  
  74  13:20  Extractor  
  74  13:21  Extractor  
  72  13:36  Drone x2  
  72  13:37  Drone x6  
  80  13:51  Infestation Pit  
  79  13:56  Lurker Den  
  78  14:09  Hatchery, Zerg Flyer Armor Level 1  
  77  14:26  Hatchery  
  76  14:32  Drone x3  
  76  14:33  Hatchery  
  76  14:34  Hatchery  
  76  14:35  Hatchery  
  76  14:36  Hive  
  74  14:39  Hatchery  
  53  14:58  Hive  
  51  15:05  Drone x3  
  51  15:06  Spawning Pool  
  51  15:27  Drone x3  
  54  15:34  Hatchery  
  53  15:43  Drone x3  
  53  15:46  Drone  
  57  16:14  Hydralisk  
  57  16:15  Hydralisk x3  
  57  16:16  Hydralisk x4  
  57  16:17  Infestor, Hatchery  
  57  16:18  Infestor  
  76  16:20  Corruptor x7  
  76  16:21  Corruptor x2, Hydralisk x2  
  76  16:22  Hydralisk x5  
  108  16:35  Grooved Spines  
  108  16:39  Zerg Missile Weapons Level 2  
  108  16:43  Zerg Flyer Weapons Level 2  
  108  16:53  Spire  
  107  17:04  Adaptive Talons  
  107  17:13  Muscular Augments  
  107  17:17  Drone x3  
  110  17:32  Drone  
  111  17:52  Adrenal Glands  
  111  17:58  Zergling x8  
  112  17:59  Zergling x46  
  112  18:01  Seismic Spines  
  138  18:15  Overlord x3  
  138  18:31  Baneling  
  138  18:32  Baneling x13  
  138  18:33  Baneling x28  
  138  18:34  Baneling  
  138  18:47  Baneling x2  
  138  18:48  Baneling x9  
  138  18:55  Zerg Melee Weapons Level 1  
  138  18:59  Zerg Flyer Armor Level 2  
  138  19:07  Drone x2  
  138  19:08  Drone  
  141  19:13  Pneumatized Carapace  
  141  19:15  Burrow  
  141  19:22  Drone x3  
  71  20:19  Corruptor  
  71  20:20  Corruptor x16  
  99  20:34  Drone x3  
  102  20:42  Extractor  
  101  20:46  Extractor  
  100  20:50  Zerg Ground Armor Level 1  
  100  20:58  Drone x2  
  102  21:09  Greater Spire  
  102  21:25  Spire  
  101  21:31  Ultralisk Cavern  
  60  22:33  Hydralisk  
  60  22:34  Hydralisk x20  
  60  22:35  Hydralisk x6  
  112  22:50  Spine Crawler  
  112  22:51  Spine Crawler x2  
  110  22:53  Spine Crawler  
  110  22:58  Spine Crawler  
  107  22:59  Spine Crawler  
  66  23:22  Mutalisk  
  66  23:23  Mutalisk x6  
  66  23:24  Mutalisk  
  62  24:03  Drone x3  
  61  24:16  Nydus Network  
  54  24:26  Drone x3  
  57  24:48  Hatchery  
  57  24:52  Hatchery  
  55  24:53  Hatchery  
  55  24:56  Hatchery  
  55  24:58  Hatchery  
  55  24:59  Chitinous Plating  
  52  25:01  Hatchery  
  52  25:03  Hatchery x2  
  49  25:08  Drone x3  
  52  25:32  Hatchery  
  52  25:35  Extractor  
  50  25:59  Drone x3  
  53  26:18  Anabolic Synthesis  
  53  26:23  Extractor  
  52  26:46  Lair  
  52  26:47  Evolution Chamber  
  51  26:51  Evolution Chamber  
  50  27:02  Hydralisk x4  
  50  27:03  Hydralisk x28  
  50  27:04  Hydralisk x4  
  47  27:52  Drone x22  
  47  27:53  Drone x6  
Show
View Real Time Build Order
Export as new Build Order

TATORREA Protoss 

Build Orders: Carriers 

Get SALT Encoding   

  12  0:01  Probe  
  13  0:13  Probe  
  14  0:26  Pylon  
  14  0:27  Probe  
  15  0:38  Assimilator  
  15  0:48  Probe  
  16  0:52  Gateway  
  16  1:23  Gateway  
  16  1:28  Probe  
  16  1:29  Pylon  
  17  1:40  Probe  
  17  1:44  Zealot  
  20  1:52  Probe  
  21  1:58  Cybernetics Core  
  21  2:02  Assimilator  
  21  2:04  Probe  
  22  2:12  Zealot  
  24  2:22  Probe  
  25  2:37  Pylon, Probe  
  26  2:41  Stalker x2  
  30  2:57  Stargate  
  30  3:02  Probe  
  31  3:12  Forge  
  31  3:14  Probe  
  32  3:26  Stalker x2  
  36  3:29  Probe  
  36  3:42  Probe  
  37  3:52  Protoss Ground Weapons Level 1  
  37  3:54  Probe  
  38  3:57  Warp Gate  
  38  4:19  Pylon  
  38  4:31  Pylon  
  38  4:36  Stalker x2, Pylon  
  38  4:37  Oracle  
  45  4:50  Probe  
  44  5:13  Void Ray  
  44  5:54  Stalker  
  44  5:55  Stalker  
  46  5:58  Probe  
  43  6:11  Probe  
  43  6:15  Nexus  
  44  6:19  Assimilator  
  44  6:21  Twilight Council, Assimilator  
  44  6:23  Probe  
  45  6:35  Probe  
  46  6:47  Probe  
  47  6:59  Probe  
  48  7:32  Probe  
  49  7:39  Stalker x2  
  53  7:44  Probe  
  54  7:52  Gateway  
  54  7:55  Gateway  
  54  7:56  Gateway, Probe  
  55  7:59  Gateway  
  55  8:01  Gateway  
  55  8:03  Stargate  
  55  8:05  Stargate  
  45  8:48  Pylon  
  45  8:54  Pylon  
  45  8:57  Pylon  
  45  9:03  Pylon, Probe  
  46  9:10  Probe  
  46  9:14  Void Ray x3  
  46  9:15  Probe  
  60  9:22  Fleet Beacon  
  60  9:23  Probe  
  61  9:26  Robotics Facility  
  61  9:27  Probe  
  61  9:30  Stalker  
  64  9:31  Stalker  
  64  9:32  Stalker  
  64  9:35  Probe  
  69  9:47  Probe  
  69  9:52  Probe  
  71  10:11  Void Ray  
  71  10:13  Protoss Air Weapons Level 1  
  75  10:26  Probe  
  75  10:27  Probe  
  77  10:31  Charge  
  77  10:38  Probe  
  77  10:39  Probe  
  79  10:51  Probe x2  
  78  10:59  Carrier  
  78  11:03  Probe x2  
  96  11:05  Stalker  
  96  11:09  Zealot  
  96  11:10  Zealot  
  102  11:28  Tempest  
  102  11:30  Tempest  
  102  11:41  Pylon  
  102  11:42  Pylon  
  102  11:44  Pylon  
  102  11:50  Pylon  
  102  11:54  Pylon  
  102  11:55  Pylon  
  102  11:59  Pylon  
  102  12:00  Probe x2  
  104  12:03  Pylon  
  104  12:06  Pylon  
  104  12:17  Probe  
  104  12:20  Probe  
  104  12:21  Nexus  
  106  12:24  Assimilator  
  106  12:28  Assimilator  
  106  12:31  Tempest x2  
  116  12:41  Protoss Ground Weapons Level 2  
  116  12:45  Unknown  
  116  12:47  Blink  
  116  12:55  Robotics Bay  
  116  13:01  Void Ray  
  120  13:07  Probe  
  120  13:08  Probe  
  122  13:42  Colossus  
  122  13:44  Extended Thermal Lance  
  128  13:51  Carrier  
  128  13:52  Tempest  
  139  14:05  Probe  
  139  14:09  Probe  
  141  14:13  Probe  
  142  14:17  Probe  
  142  14:21  Probe  
  144  14:29  Probe  
  145  14:37  Protoss Air Weapons Level 2  
  145  15:20  Colossus  
  151  15:26  Anion Pulse-Crystals  
  151  15:31  Tempest  
  151  15:32  Tempest  
  151  15:33  Carrier  
  167  15:37  Protoss Ground Weapons Level 3  
  89  17:02  Tempest x3  
  89  17:08  Protoss Air Armor Level 1, Colossus  
  104  17:11  Stalker  
  104  17:12  Stalker  
  114  17:15  Zealot  
  114  17:16  Zealot x3  
  114  17:17  Zealot  
  124  17:45  Carrier x2  
  136  18:00  Nexus  
  136  18:04  Assimilator  
  136  18:06  Assimilator  
  136  18:11  Tempest  
  136  18:22  Zealot x3  
  136  18:23  Zealot x3  
  136  18:24  Zealot  
  150  18:49  Tempest  
  150  18:50  Carrier  
  161  19:16  Pylon  
  161  19:23  Gateway  
  161  19:25  Gateway  
  161  19:27  Gateway  
  161  19:28  Gateway  
  161  19:30  Gateway  
  161  19:33  Pylon  
  161  19:37  Pylon  
  161  19:42  Pylon  
  149  19:46  Pylon  
  149  19:52  Pylon  
  145  19:56  Pylon  
  145  20:00  Pylon  
  145  20:03  Pylon  
  145  20:07  Pylon  
  145  20:09  Protoss Ground Armor Level 1  
  133  20:25  Nexus  
  133  20:29  Assimilator  
  133  20:33  Protoss Air Weapons Level 3  
  133  20:35  Tempest x3  
  148  20:47  Zealot  
  148  20:48  Zealot x2  
  148  20:49  Zealot x3  
  160  20:50  Zealot  
  160  20:54  Probe  
  163  20:58  Probe  
  164  21:07  Probe  
  164  21:10  Probe  
  166  21:18  Carrier  
  172  21:19  Probe  
  172  21:20  Probe  
  172  21:25  Carrier  
  180  21:32  Probe, Zealot  
  183  21:36  Zealot  
  183  21:37  Zealot x3  
  183  21:38  Zealot  
  183  21:39  Zealot  
  195  21:47  Tempest  
  159  22:17  Protoss Shields Level 1  
  147  22:38  Tempest x2  
  147  22:40  Tempest  
  162  22:45  Stalker x2  
  162  22:46  Stalker x3  
  162  22:47  Stalker x2  
  168  23:21  Carrier  
  168  23:23  Tempest x2  
  184  23:27  Protoss Air Armor Level 2  
  154  24:39  Tempest  
  154  24:40  Tempest x2  
  154  24:42  Colossus  
  175  24:47  Stalker x2  
  175  24:48  Stalker x2  
  175  24:51  Zealot x2  
  175  24:52  Zealot  
  183  25:34  Tempest x2  
  193  25:36  Colossus  
  199  25:44  Probe  
  200  26:28  Nexus  
  200  26:30  Assimilator  
  200  26:34  Assimilator  
Show
View Real Time Build Order
Export as new Build Order

tigro Terran 

Build Orders:  

Get SALT Encoding   

  12  0:03  SCV  
  13  0:15  SCV  
  13  0:20  Supply Depot  
  14  0:27  SCV  
  15  0:37  Refinery  
  15  0:42  SCV  
  16  0:54  SCV  
  17  1:00  Barracks  
  17  1:06  SCV  
  18  1:17  Refinery  
  18  1:18  SCV  
  18  1:20  Supply Depot  
  19  1:30  SCV  
  20  1:42  SCV  
  21  1:53  Marine  
  22  1:55  Engineering Bay  
  22  2:10  Barracks  
  22  2:11  Marine  
  23  2:16  SCV  
  24  2:28  SCV  
  24  2:29  Marine  
  26  2:40  SCV  
  27  2:47  Marine  
  28  3:04  Barracks Tech Lab  
  28  3:05  Marine  
  29  3:28  Factory  
  29  3:37  Barracks Tech Lab  
  29  3:39  Marauder  
  31  3:42  Command Center  
  31  3:48  Orbital Command  
  31  4:04  Combat Shield  
  31  4:07  Stimpack  
  31  4:14  Factory Tech Lab  
  31  4:25  Marauder  
  33  4:44  Missile Turret  
  33  4:46  Marauder  
  30  5:07  Marauder  
  30  5:09  Marauder  
  30  5:10  Missile Turret  
  28  5:29  Marauder  
  28  5:30  Marauder  
  27  5:46  Missile Turret  
  26  5:50  Marine  
  26  5:51  Marine  
  25  6:09  Marine  
  25  6:10  Missile Turret  
  26  6:14  Marauder  
  28  6:26  Marine  
  29  6:35  Marine  
  30  6:44  Marine, Missile Turret  
  31  6:50  Planetary Fortress  
  31  6:53  Marine  
  32  6:55  Siege Tank  
  35  7:02  Marine  
  35  7:05  Missile Turret  
  36  7:11  Marine  
  36  7:15  Concussive Shells  
  37  7:20  Marine  
  38  7:23  SCV  
  38  7:28  Missile Turret  
  38  7:29  Marine  
  40  7:35  SCV  
  41  7:38  Marine  
  42  7:46  Marine  
  42  7:47  SCV  
  44  8:04  Terran Infantry Weapons Level 1  
  44  8:08  Missile Turret  
  44  8:13  SCV  
  45  8:25  SCV  
  46  8:37  Refinery  
  46  8:38  SCV  
  47  8:41  Refinery  
  47  8:50  Armory, SCV  
  48  9:01  Starport  
  48  9:02  SCV  
  49  9:40  Starport  
  49  9:44  Medivac  
  51  9:49  Infernal Pre-Igniter  
  51  9:57  Command Center  
  51  9:58  Terran Infantry Armor Level 1  
  51  9:59  Terran Vehicle Weapons Level 1  
  51  10:07  Thor  
  57  10:16  Starport Tech Lab  
  57  10:22  Starport Tech Lab  
  57  10:36  Missile Turret  
  55  10:57  Missile Turret  
  55  11:08  Mag-Field Accelerator  
  55  11:16  Planetary Fortress  
  55  11:25  Missile Turret  
  55  11:40  Corvid Reactor  
  55  11:41  Fusion Core  
  55  11:42  Cloaking Field  
  55  11:52  Neosteel Armor  
  55  11:53  Terran Vehicle And Ship Armor Level 1  
  55  11:55  SCV  
  55  11:58  Missile Turret  
  56  12:07  SCV  
  57  12:15  Raven  
  57  12:20  SCV  
  57  12:21  Missile Turret  
  57  12:22  Banshee  
  63  12:29  Marauder  
  65  12:32  SCV  
  65  12:33  Marine  
  67  12:44  SCV  
  68  12:48  Drilling Claws  
  68  12:50  Marine  
  68  12:51  Marauder  
  71  13:02  Hyperflight Rotors  
  71  13:08  Marine, Siege Tank  
  75  13:15  Supply Depot  
  75  13:32  Hi-Sec Auto Tracking  
  75  13:37  Battlecruiser  
  75  13:38  Supply Depot  
  81  13:47  Terran Ship Weapons Level 1  
  81  14:00  Battlecruiser  
  87  14:06  Smart Servos  
  87  14:29  Command Center  
  87  14:41  Battlecruiser  
  93  15:04  Battlecruiser  
  99  15:15  Refinery  
  99  15:21  Refinery  
  99  15:31  Missile Turret  
  99  15:52  Missile Turret  
  65  16:43  Battlecruiser  
  65  16:44  Battlecruiser  
  65  16:46  Marine  
  53  17:04  Marine  
  53  17:10  Marine  
  54  17:22  Marine  
  55  17:27  Marine  
  50  17:40  Marine  
  43  17:45  Marine  
  43  17:47  Battlecruiser  
  50  17:57  Marine  
  36  18:15  Marine  
  34  18:20  Battlecruiser  
  40  18:51  Battlecruiser  
  46  19:24  Viking  
  34  19:54  Viking  
  34  19:55  Viking  
  38  20:24  Viking  
  38  20:25  Viking  
  42  20:48  Thor  
  48  20:54  Viking  
  48  20:55  Viking  
  52  21:24  Viking, SCV  
  52  21:25  Viking  
  57  21:36  SCV  
  58  21:43  Missile Turret  
  58  22:05  Missile Turret  
  58  22:27  Missile Turret  
  58  22:28  Command Center  
  58  22:35  Terran Infantry Weapons Level 2  
  58  22:38  Terran Vehicle Weapons Level 2  
  58  22:48  Missile Turret  
  58  23:23  Missile Turret  
  28  23:58  Planetary Fortress  
  28  24:01  Viking  
  30  24:31  Viking  
  32  24:49  Refinery  
  32  25:01  Viking  
  32  25:03  Command Center  
  32  25:05  Viking  
  32  25:06  Refinery  
  13  27:03  Command Center  
  1  28:18  Supply Depot  
Tags
 
Add a new tag
Caveats
  • Supply blocks, unpowered buildings, or Contaminate may cause inaccurate times.
  • Supply counts are checked every 10 seconds.